 Dungeon Crawl Stone Soup version 0.32-a0-13-gbaedc5810e (console) character file.

Game seed: 15558167867013593573

191 Ignak the Magician (level 5, -3/38 HPs)
             Began as a Gnoll Hedge Wizard on Jan 15, 2024.
             Slain by a phantom (4 damage)
             ... on level 4 of the Dungeon.
             The game lasted 00:08:39 (2824 turns).

Ignak the Magician (Gnoll Hedge Wizard)             Turns: 2824, Time: 00:08:40

Health: -3/38      AC:  2    Str:  9    XL:     5   Next: 70%
Magic:  7/14       EV: 18    Int: 15    God:
Gold:   224        SH:  0    Dex: 12    Spells: 7/18 levels left

rFire   . . .        s - staff of alchemy
rCold   + . .        (no shield)
rNeg    . . .        b - +0 robe
rPois   +            c - +0 hat
rElec   .            (no cloak)
rCorr   .            (no gloves)
SInv    .            (no boots)
Will    .....        (no amulet)
Stlth   +++          a - ring of protection from cold
HPRegen 0.26/turn    m - +5 ring of evasion
MPRegen 0.14/turn

%: no passive effects
@: no status effects
A: fangs 1, strong nose, distributed training
a: no special abilities


You were on level 4 of the Dungeon.
You visited 1 branch of the dungeon, and saw 4 of its levels.

You collected 224 gold pieces.

Inventory:

Hand Weapons
 i - a +0 hand axe
 k - a +1 dagger of speed
 n - a +4 dagger
Missiles
 f - 4 poisoned darts (quivered)
Armour
 b - a +0 robe (worn)
 c - a +0 hat (worn)
 q - a +0 scale mail
Magical Staves
 s - a staff of alchemy (weapon)
Jewellery
 a - a ring of protection from cold (left hand)
 m - a +5 ring of evasion (right hand)
Wands
 r - a wand of roots (11)
Scrolls
 e - 2 scrolls of teleportation
 g - 3 scrolls of identify
 j - a scroll of fog
 o - a scroll of blinking
 p - a scroll of poison
Potions
 d - a potion of magic
 h - a potion of haste {unknown}
 l - a potion of ambrosia
 t - a potion of curing {unknown}
 u - a potion of cancellation {unknown}


   Skills:
 + Level 1.6 Fighting
 + Level 1.6 Short Blades
 + Level 1.6 Long Blades
 + Level 1.6 Axes
 + Level 1.6 Maces & Flails
 + Level 1.6 Polearms
 + Level 1.6 Staves
 + Level 1.6 Ranged Weapons
 + Level 1.6 Throwing
 + Level 1.6 Armour
 + Level 4.8 Dodging
 + Level 4.5 Stealth
 + Level 1.6 Shields
 + Level 1.6 Unarmed Combat
 + Level 7.3 Spellcasting
 + Level 2.5 Conjurations
 + Level 1.3 Hexes
 + Level 2.5 Summonings
 + Level 1.3 Necromancy
 + Level 2.5 Translocations
 + Level 1.3 Fire Magic
 + Level 1.3 Ice Magic
 + Level 1.3 Air Magic
 + Level 1.3 Earth Magic
 + Level 1.3 Alchemy
 + Level 1.9 Invocations
 + Level 1.6 Evocations
 + Level 1.5 Shapeshifting


You had 7 spell levels left.
You knew the following spells:

 Your Spells              Type           Power      Damage    Failure   Level
a - Magic Dart            Conj           52%        1d5       4%          1
b - Blink                 Tloc           26%        N/A       7%          2
c - Call Imp              Summ           26%        N/A       7%          2
d - Mephitic Cloud        Conj/Alch/Air  16%        N/A       19%         3
e - Summon Ice Beast      Ice/Summ       11%        N/A       17%         3

Your spell library contained the following spells:

 Spells                   Type           Power      Damage    Failure   Level
 Slow                     Hex            36%        N/A       8%          1
 Cigotuvi's Dreadful Rot  Necr/Alch/Air  28%        N/A       11%         2
 Sublimation of Blood     Necr           9%         N/A       11%         2
 Hailstorm                Conj/Ice       11%        3d6       17%         3
 Sculpt Simulacrum        Ice/Alch       7%         N/A       100%        6
 Summon Hydra             Summ           6%         N/A       100%        7


Dungeon Overview and Level Annotations

Branches:
Dungeon (4/15)
 Temple: D:4-7

Altars:

Shops:
D:1 =


Innate Abilities, Weirdness & Mutations

You have very sharp teeth.
Your uncanny sense of smell can sniff out nearby items.
Your experience applies equally to all skills.


Message History

The orc wizard closely misses your cerulean imp.
The phantom attacks as it pursues you! The phantom hits you!
Your ice beast hits the orc but does no damage.
Casting: Summon Ice Beast (quite dangerous; 17% risk of failure)
Confirm with . or Enter, or press ? or * to list all spells.
The spell is quite dangerous to miscast (19% risk of failure)!
Continue anyway?
Aiming: Mephitic Cloud (quite dangerous; 19% risk of failure)
Press: ? - help, Shift-Dir - straight line You feel a surge of power!
The ball explodes into a vile cloud!
The stinking cloud engulfs the endoplasm.
The stinking cloud engulfs the phantom.
The stinking cloud engulfs the orc wizard.
The orc wizard is lightly wounded.
The stinking cloud engulfs your cerulean imp.
Your cerulean imp is lightly wounded.
You hear a bark!
The orc hits you with a +0 club.
* * * LOW HITPOINT WARNING * * *
The orc wizard hits your cerulean imp with a +1 dagger of venom.
The phantom closely misses you.
Your ice beast completely misses the orc.
You hear the slow hiss of a distant avalanche of sand.
The orc hits you with a +0 club.
* * * LOW HITPOINT WARNING * * *
The endoplasm attacks as it pursues you!
The endoplasm misses you.
Your ice beast hits the orc.
Your ice beast freezes the orc.
The orc dies!
The endoplasm hits your ice beast but does no damage.
Your ice beast hits the endoplasm.
Your ice beast freezes the endoplasm!
The endoplasm dies!
The orc wizard gestures at you while chanting.
The puff of flame hits your ice beast!
Your ice beast melts!
There is a stone staircase leading up here.
The orc wizard gestures at you while chanting.
The magic dart hits you!
* * * LOW HITPOINT WARNING * * *
The phantom hits you.
You die...

####.............
#..'...........##
##.#...........#
#.#...........#
#.#####.....w.#
#<# ######### #.#
## ####'#### ...
#....@..###....
#....W.........
#.....)Yo5.....
#.....§§.......
#.....☼§....##.
#.....§☼°...#
#.......###...
#........# ....
#........# ...


You could see a phantom, an orc wizard (ally target), a friendly ice beast
(summoned) and a friendly cerulean imp (summoned, confused).

Vanquished Creatures
  Terence (D:3)
  A gnoll (D:3)
  A ribbon worm (D:2)
  2 dart slugs
  3 orcs (D:3)
  2 endoplasms (D:2)
  4 giant cockroaches
  9 goblins
  8 hobgoblins
  3 quokkas
  8 ball pythons
  4 bats
  6 frilled lizards
  A kobold (D:1)
  2 rats
55 creatures vanquished.

Vanquished Creatures (collateral kills)
  6 gnolls
  2 dart slugs
  A ribbon worm (D:2)
  An orc (D:4)
  3 endoplasms
  6 goblins
  A hobgoblin (D:3)
20 creatures vanquished.

Grand Total: 75 creatures vanquished

Notes
Turn   | Place    | Note
-------+----------+-------------------------------------------
     0 | D:1      | Ignak the Gnoll Hedge Wizard began the quest for the Orb.
     0 | D:1      | Reached XP level 1. HP: 13/13 MP: 8/8
   154 | D:1      | Reached XP level 2. HP: 19/19 MP: 10/10
   162 | D:1      | Learned a level 2 spell: Blink
   165 | D:1      | Learned a level 2 spell: Call Imp
   463 | D:1      | Found Poptuuto's Jewellery Boutique.
   633 | D:1      | Found a faded altar of an unknown god.
   666 | D:1      | Reached XP level 3. HP: 23/25 MP: 11/11
   784 | D:1      | Reached skill level 1 in Invocations
   958 | D:1      | Learned a level 3 spell: Mephitic Cloud
   962 | D:1      | Learned a level 3 spell: Summon Ice Beast
  1353 | D:2      | Reached skill level 1 in Fighting
  1353 | D:2      | Reached skill level 1 in Short Blades
  1353 | D:2      | Reached skill level 1 in Long Blades
  1353 | D:2      | Reached skill level 1 in Axes
  1353 | D:2      | Reached skill level 1 in Maces & Flails
  1353 | D:2      | Reached skill level 1 in Polearms
  1353 | D:2      | Reached skill level 1 in Staves
  1353 | D:2      | Reached skill level 1 in Ranged Weapons
  1353 | D:2      | Reached skill level 1 in Throwing
  1353 | D:2      | Reached skill level 1 in Armour
  1353 | D:2      | Reached skill level 1 in Shields
  1353 | D:2      | Reached skill level 1 in Unarmed Combat
  1353 | D:2      | Reached skill level 1 in Evocations
  1509 | D:2      | Reached skill level 1 in Shapeshifting
  1509 | D:2      | Reached XP level 4. HP: 31/32 MP: 13/13
  2033 | D:3      | Reached skill level 1 in Hexes
  2033 | D:3      | Reached skill level 1 in Necromancy
  2033 | D:3      | Reached skill level 1 in Fire Magic
  2033 | D:3      | Reached skill level 1 in Ice Magic
  2033 | D:3      | Reached skill level 1 in Air Magic
  2033 | D:3      | Reached skill level 1 in Earth Magic
  2033 | D:3      | Reached skill level 1 in Alchemy
  2157 | D:3      | Reached XP level 5. HP: 37/37 MP: 14/14
  2376 | D:3      | Noticed Terence
  2392 | D:3      | Killed Terence
  2802 | D:4      | Noticed a phantom
  2824 | D:4      | HP: 1/38 [orc wizard/magic dart (8)]
  2824 | D:4      | Slain by a phantom

Illustrated notes

Levels and vault maps discovered:
D:1:      roderic_chinese_lattice_arrival, layout_basic,
          chequers_ecumenical_altar_island, serial_shops,
          nicolae_shop_statue_plus, minmay_hexomino_p4
D:2:      layout_loops_ring
D:3:      layout_loops_ring, uniq_terence
D:4:      gammafunk_cloud_chamber, layout_basic, mainiacjoe_overflow_24_doors,
          grunt_temple_overflow_open, nicolae_ossuary_entry_monument

Skill      XL: |  1  2  3  4 |
---------------+-------------+-----
Conjurations   | 2 |  2.5
Summonings     | 2 |  2.5
Translocations | 2 |  2.5
Invocations    | 1 |  1.9
Fighting       | 1 |  1.6
Short Blades   | 1 |  1.6
Long Blades    | 1 |  1.6
Axes           | 1 |  1.6
Maces & Flails | 1 |  1.6
Polearms       | 1 |  1.6
Staves         | 1 |  1.6
Ranged Weapons | 1 |  1.6
Throwing       | 1 |  1.6
Armour         | 1 |  1.6
Shields        | 1 |  1.6
Unarmed Combat | 1 |  1.6
Evocations     | 1 |  1.6
Shapeshifting  | 1 |  1.5
Hexes          | 1 |  1.3
Necromancy     | 1 |  1.3
Fire Magic     | 1 |  1.3
Ice Magic      | 1 |  1.3
Air Magic      | 1 |  1.3
Earth Magic    | 1 |  1.3
Alchemy        | 1 |  1.3
Dodging        | |  4.8
Stealth        | |  4.5
Spellcasting   | |  7.3

Action                     |  1- 3 |  4- 6 || total
---------------------------+-------+-------++-------
  Melee: Dagger            |    93 |    74 ||   167
         Bite              |     5 |     8 ||    13
         Hand axe          |    23 |       ||    23
         Punch             |     1 |     1 ||     2
         Staff             |       |    11 ||    11
  Throw: Dart              |     6 |       ||     6
   Cast: Magic Dart        |    11 |       ||    11
         Call Imp          |     5 |     3 ||     8
         Summon Ice Beast  |     2 |     6 ||     8
         Mephitic Cloud    |       |     2 ||     2
    Use: Scroll            |       |     4 ||     4
         Potion            |       |     1 ||     1
   Stab: Sleeping          |     4 |     4 ||     8
         Confused          |       |     1 ||     1
 Armour: Robe              |    55 |    42 ||    97
  Dodge: Dodged            |    92 |    93 ||   185

Table legend: (Time is in decaauts)
 A = Elapsed time spent in this place.
 B = Non-inter-level travel time spent in this place.
 C = Inter-level travel time spent in this place.
 D = Time resting spent in this place.
 E = Time spent auto-exploring this place.
 F = Levels seen in this place.
 G = Mean time per level.
                   A        B        C        D        E       F      G
               +--------+--------+--------+--------+--------+-----+--------+
         Total |   2808 |   2698 |    110 |     58 |   1657 |   4 |  702.0 |
       Dungeon |   2808 |   2698 |    110 |     58 |   1657 |   4 |  702.0 |
               +--------+--------+--------+--------+--------+-----+--------+

Top non-repeatable levels by time:
     D:1: 1268 daAuts
     D:3: 799 daAuts
     D:2: 696 daAuts
     D:4: 43 daAuts
